 Dungeon Crawl Stone Soup version 0.20-a0-1116-gaa52201 (console) character file.

32 nht the Cutter (level 3, 0/21 HPs)
             Began as a Kobold Wanderer on May 8, 2017.
             Succumbed to an adder's poison
             ... on level 2 of the Dungeon.
             The game lasted 00:02:29 (1224 turns).

nht the Cutter (Kobold Wanderer)                    Turns: 1224, Time: 00:02:30

Health: 0/21       AC:  3    Str:  8    XL:     3   Next: 42%
Magic:  2/7        EV: 13    Int: 16    God:
Gold:   86         SH:  0    Dex: 13    Spells: 7/8 levels left

rFire    . . .     SeeInvis .   i - -1 dagger (curse)
rCold    . . .     Gourm    .   (shield restricted)
rNeg     . . .     Faith    .   d - +1 robe
rPois    .         Spirit   .   (no helmet)
rElec    .         Reflect  .   (no cloak)
rCorr    .         Harm     .   (no gloves)
MR       .....                  (no boots)
Stlth    ++........             (no amulet)
Regen    0.1/turn               (no ring)
MPRegen  0.1/turn               (no ring)

@: lethally poisoned (0 -> -9), very slightly contaminated
A: carnivore 3
a: no special abilities


You were on level 2 of the Dungeon.
You were completely stuffed.

You visited 1 branch of the dungeon, and saw 2 of its levels.

You collected 86 gold pieces.

Inventory:

Hand Weapons
 c - a +0 short sword
 i - a cursed -1 dagger (weapon)
Armour
 d - a +1 robe (worn)
Books
 a - a book of Minor Magic

   Spells                             Type                      Level
   a - Magic Dart                     Conjuration                  1
   b - Blink                          Translocation                2
   c - Call Imp                       Summoning                    2
   d - Slow                           Hexes                        2
   e - Conjure Flame                  Conjuration/Fire             3
   f - Mephitic Cloud                 Conjuration/Poison/Air       3
Comestibles
 b - 3 chunks of flesh
 f - 2 meat rations
 g - a royal jelly


   Skills:
 - Level 2.1 Fighting
 + Level 4.1 Short Blades
 - Level 1.1 Throwing
 - Level 1.3 Stealth
 - Level 3.2 Spellcasting
   Level 1.0 Summonings
   Level 1.0 Necromancy


You had 7 spell levels left.
You knew the following spells:

 Your Spells              Type           Power        Failure   Level  Hunger
a - Magic Dart            Conj           #...         19%         1    None


Dungeon Overview and Level Annotations

Branches:
Dungeon (2/15)

Altars:


Innate Abilities, Weirdness & Mutations

You are small and have problems with some larger weapons.
You are carnivorous and can eat meat at any time.


Message History

You feel sick. The adder bites you.
* * * LOW HITPOINT WARNING * * *
The adder barely misses you.
You closely miss the adder.
The adder is severely wounded.
* * * LOW HITPOINT WARNING * * *
You feel sick. The adder bites you but does no damage.
You barely miss the adder.
The adder is severely wounded.
The adder misses you.
You miss the adder.
The adder is severely wounded.
* * * LOW HITPOINT WARNING * * *
You feel sick. The adder barely misses you.
You hit the adder.
The adder is almost dead.
The adder closely misses you.
You miss the adder.
The adder is almost dead.
You die... ... █.█ █.█ █.█ █S█ █l█ █S█

█@█ █.█
█.██████
█......█
██████.█
█. █.█
..█ █.█
█.█ █.█
█.█ █.█


You could see 2 adders and a frilled lizard.

Vanquished Creatures
  An adder (D:2)
  An ooze (D:1)
  A leopard gecko (D:1)
  2 bats
  2 giant cockroaches
  2 hobgoblins (D:1)
  3 jackals (D:1)
  A ball python (D:1)
  A kobold (D:1)
  4 rats
18 creatures vanquished.

Notes
Turn   | Place    | Note
-------+----------+-------------------------------------------
     0 | D:1      | nht the Kobold Wanderer began the quest for the Orb.
     0 | D:1      | nht set off with: a book of Minor Magic, a potion of lignification, a +0 short sword, a +0 robe, a meat ration
     0 | D:1      | Reached XP level 1. HP: 12/12 MP: 4/4
   134 | D:1      | Reached skill level 2 in Short Blades
   159 | D:1      | Reached XP level 2. HP: 2/17 MP: 6/6
   169 | D:1      | Learned a level 1 spell: Magic Dart
   588 | D:1      | Reached skill level 3 in Short Blades
   865 | D:1      | Reached XP level 3. HP: 21/21 MP: 1/7
  1064 | D:2      | Reached skill level 4 in Short Blades
  1222 | D:2      | HP: 1/21 [poisoned by an adder]
  1224 | D:2      | Succumbed to an adder's poison

Vault maps used:
D:1:      matt_arrival_refuge
D:2:      nicolae_overflow_hidden_temple

Skill      XL: |  1  2  3 |
---------------+----------+-----
Short Blades   | 2 3 4 |  4.1
Fighting       | |  2.1
Throwing       | |  1.1
Stealth        | |  1.3
Spellcasting   | |  3.2
Summonings     | |  1.0
Necromancy     | |  1.0

Action                   || total
-------------------------++-------
Melee: Dagger            ||    95
       Short sword       ||     4
 Cast: Magic Dart        ||    38
  Use: Scroll            ||     6
       Potion            ||     1
 Stab: Sleeping          ||     1
  Eat: Chunk             ||     9
Armor: Skin              ||    21
       Robe              ||    22
Dodge: Dodged            ||    65
